 Dungeon Crawl Stone Soup version 0.29.0-13-gc9e81de378 (webtiles) character file.

Game seed: 6764822925506590770

14 gelatine the Firebug (level 2, 0/19 HPs)
             Began as a Demonspawn Fire Elementalist on Sept 7, 2022.
             Frozen to death by an endoplasm (2 damage)
             ... on level 1 of the Dungeon.
             The game lasted 00:01:07 (589 turns).

gelatine the Firebug (Demonspawn Fire Elementalist)  Turns: 589, Time: 00:01:09

Health: 0/19       AC:  4    Str:  8    XL:     2   Next: 31%
Magic:  4/5        EV: 12    Int: 16    God:
Gold:   60         SH:  0    Dex: 13    Spells: 4/5 levels left

rFire   . . .      SeeInvis .   d - +0 dagger
rCold   . . .      Faith    .   (no shield)
rNeg    . . .      Spirit   .   a - +0 robe
rPois   .          Reflect  .   (no helmet)
rElec   .          Harm     .   (no cloak)
rCorr   .          Rampage  .   (no gloves)
Will    .....                   (no boots)
Stlth   ++........              (no amulet)
HPRegen 0.06/turn               (no ring)
MPRegen 0.09/turn               (no ring)

@: no status effects
A: yellow scales 1
a: no special abilities


You were on level 1 of the Dungeon.
You visited 1 branch of the dungeon, and saw 1 of its levels.

You collected 60 gold pieces.

Inventory:

Hand Weapons
 d - a +0 dagger (weapon)
Armour
 a - a +0 robe (worn)
Potions
 c - a potion of might {unknown}
 e - a potion of invisibility {unknown}


   Skills:
 + Level 1.8 Dodging
 + Level 1.8 Stealth
 + Level 2.2 Spellcasting
 + Level 1.1 Conjurations
 + Level 3.1 Fire Magic


You had 4 spell levels left.
You knew the following spells:

 Your Spells              Type           Power      Damage    Failure   Level
a - Foxfire               Conj/Fire      32%        2x1d5     9%          1

Your spell library contained the following spells:

 Spells                   Type           Power      Damage    Failure   Level
 Scorch                   Fire           22%        2d6       9%          2
 Conjure Flame            Conj/Fire      8%         6-21      26%         3
 Inner Flame              Hex/Fire       6%         N/A       32%         3
 Flame Wave               Conj/Fire      8%         2d5       63%         4


Dungeon Overview and Level Annotations

Branches:
Dungeon (1/15)

Altars:


Innate Abilities, Weirdness & Mutations

You are partially covered in yellow scales. (AC +2)


Message History

The foxfire hits the endoplasm.
The endoplasm is lightly wounded.
The foxfire hits the endoplasm.
The endoplasm is almost dead.
You miscast Foxfire.
You are very lightly contaminated with residual magic.
Nothing appears to happen.
The endoplasm freezes you.
You are frozen.
You are out of magic!
You barely miss the endoplasm.
The endoplasm is almost dead.
The endoplasm barely misses you.
You hit the endoplasm.
You kill the endoplasm!
You hit the endoplasm but do no damage. The endoplasm freezes you.
You are frozen.
You barely miss the endoplasm.
The endoplasm hits you but does no damage.
You hit the endoplasm but do no damage. The endoplasm freezes you.
You are frozen.
* * * LOW HITPOINT WARNING * * *
Your magical contamination has completely faded away.
The endoplasm attacks as you move away! The endoplasm hits you.
* * * LOW HITPOINT WARNING * * *
The endoplasm attacks as you move away! The endoplasm hits you.
* * * LOW HITPOINT WARNING * * *
The endoplasm attacks as you move away! The endoplasm barely misses you.
The endoplasm attacks as you move away! The endoplasm barely misses you.
Magic courses through your body.
The endoplasm hits you but does no damage.
Casting: Foxfire (safe; 9% risk of failure)
Confirm with . or Enter, or press ? or * to list all spells.
You conjure some foxfire!
The foxfire hits the endoplasm.
The endoplasm is severely wounded.
The endoplasm freezes you.
You are frozen.
You die...

##### ### ####### #...#
#.# #.....###
#†#.#####.#####.###.#.#
####.#......†......# #...#
#....###################.#
#.#### #...........#....#
#.# #...v...###.#.####
####.# #....@JJ..#.#.#..
#.##.#
#.....J.#.#...#.####
#.##.# #.......#.#####....
#.)..#
#.......#.J.JJ#..#####
#.####
#.......#####.#...!... #.#
######### #......!..
#.######. ###.......
#........ ............>.
).###.### #######.......


You could see 3 endoplasms.

Vanquished Creatures
  A ball python (D:1)
  2 bats (D:1)
  2 endoplasms (D:1)
  A giant cockroach (D:1)
  2 goblins (D:1)
  2 jackals (D:1)
  A kobold (D:1)
11 creatures vanquished.

Vanquished Creatures (others)
  33 foxfires (D:1)
33 creatures vanquished.

Grand Total: 44 creatures vanquished

Notes
Turn   | Place    | Note
-------+----------+-------------------------------------------
     0 | D:1      | gelatine the Demonspawn Fire Elementalist began the quest
                  | for the Orb.
     0 | D:1      | Reached XP level 1. HP: 13/13 MP: 3/3
   278 | D:1      | Reached skill level 3 in Fire Magic
   390 | D:1      | Gained mutation: You are partially covered in yellow
                  | scales. (AC +2) [demonic ancestry]
   390 | D:1      | Reached XP level 2. HP: 19/19 MP: 1/5
   589 | D:1      | Frozen to death by an endoplasm

Illustrated notes

Levels and vault maps discovered:
D:1:      psy_arrival_whirlpool, layout_basic, dreamdust_mushroom_princess

Skill      XL: |  1 |
---------------+----+-----
Fire Magic     | 3 |  3.1
Dodging        | |  1.8
Stealth        | |  1.8
Spellcasting   | |  2.2
Conjurations   | |  1.1

Action                   || total
-------------------------++-------
Melee: Dagger            ||    14
 Cast: Foxfire           ||    22
  Use: Potion            ||     1
Armor: Robe              ||     3
Dodge: Dodged            ||    16
